cohdb
Replays
Latest Replays
All Replays
Popular Replays
Top Player Replays
Match Explorer
How It Works
Community
CoH3 Stats
Reddit
Sign in to upload your games and track your stats! →
Sign in with Steam
Reakly vs thunderbird sweaty game
Match 22301692
Overview
Messages
Build Orders
End
Selects Italian Combined Arms Battlegroup
Selects Bersaglieri Squad
Bersaglieri Squad
Kradschützen Motorcycle Team
Bersaglieri Squad
Construct Light Support Kompanie
MG34 Team
Selects Bersaglieri Bolster
2.5-tonne Medical Truck
Fire Support Elements
Flakvierling Half-track
MG34 Team
Pak 38 Mechanized Group
Panzerjäger Squad
Selects Breda Model 30 Light Machine Guns
Construct Panzerarmee Kommand
Selects Semovente da 75/18 Assault Gun
Armored Reserves
Panzer IV Assault Group
Walking Stuka Rocket Launcher
MG34 Team
Panzer IV Assault Group
Selects Strafing Run
Selects Artillery Cover
Artillery Cover
Panzerpioneer Squad
Artillery Cover
Tiger Heavy Tank
Reakly
Thunderbird
0
0
Comments
sign in to comment!
No comments posted yet!